 Dungeon Crawl Stone Soup version 0.23-a0-143-g1adec7b (webtiles) character file.

65 taqueso the Covered (level 4, -4/28 HPs)
             Began as a Tengu Fighter on Sept 1, 2018.
             Slain by an orc warrior
             ... wielding a +0 battleaxe
              (21 damage)
             ... on level 3 of the Dungeon.
             The game lasted 00:04:06 (1295 turns).

taqueso the Covered (Tengu Fighter)                 Turns: 1295, Time: 00:04:07

Health: -4/28      AC: 10    Str: 16    XL:     4   Next: 13%
Magic:  5/5        EV:  7    Int:  9    God:
Gold:   102        SH:  9    Dex: 14    Spells: 3/3 levels left

rFire    . . .     SeeInvis .     - Unarmed
rCold    . . .     Gourm    .   b - +0 shield
rNeg     . . .     Faith    .   a - +0 scale mail
rPois    .         Spirit   .   (helmet restricted)
rElec    .         Reflect  .   n - +2 cloak
rCorr    .         Harm     .   (no gloves)
MR       .....                  (boots unavailable)
Stlth    ..........             (no amulet)
HPRegen  0.09/turn              (no ring)
MPRegen  0.09/turn              (no ring)

@: no status effects
A: beak, talons 3
a: no special abilities


You were on level 3 of the Dungeon.
You were not hungry.

You visited 1 branch of the dungeon, and saw 3 of its levels.

You collected 102 gold pieces.

Inventory:

Missiles
 f - 38 stones (quivered)
Armour
 a - a +0 scale mail (worn)
 b - a +0 shield (worn)
 n - a +2 cloak (worn)
Jewellery
 h - an uncursed ring of flight {unknown}
Scrolls
 i - a scroll of immolation {unknown}
 j - a scroll of noise {unknown}
 m - 2 scrolls of identify {unknown}
 o - a scroll of remove curse {unknown}
 q - a scroll of amnesia {unknown}
 r - a scroll of enchant armour {unknown}
Potions
 c - a potion of might
 e - 2 potions of brilliance {unknown}
 k - a potion of flight {unknown}
 l - 3 potions of curing {unknown}
 p - 2 potions of haste {unknown}
 s - a potion of heal wounds {unknown}
Comestibles
 d - a ration


   Skills:
 + Level 3.3 Fighting
 + Level 3.8 Armour
 + Level 0.1 Dodging
 + Level 3.5 Shields
 * Level 3.2 Unarmed Combat


You had 3 spell levels left.
You didn't know any spells.
Your spell library was empty.

Dungeon Overview and Level Annotations

Branches:
Dungeon (3/15)

Altars:

Annotations:
D:3 1 runed door


Innate Abilities, Weirdness & Mutations

You have a beak for a mouth.
You have claws for feet.


Message History

The stone barely misses the orc warrior.
The orc warrior barely misses you.
You hit the orc warrior but do no damage.
Your kick misses the orc warrior.
You peck the orc warrior, but do no damage.
You hit the orc warrior but do no damage.
You claw the orc warrior.
The orc warrior is lightly wounded.
The orc throws a tomahawk.
The tomahawk barely misses you.
Your shield and scale mail prevent you from hitting the orc warrior.
You claw the orc warrior, but do no damage.
The orc warrior is lightly wounded.
The orc warrior hits you with a battleaxe!
You block the orc's attack.
You hit the orc warrior but do no damage.
You peck the orc warrior, but do no damage.
The orc warrior is lightly wounded.
The orc warrior hits you with a battleaxe!!
Ouch! That really hurt!
You die... .......! # ........ #######.# #....... ........# #.(..... .....###############oog.. ....## )?......o)#o.. ....## ##.####o#o#.# ...<.# #.# #o#ogo#

....## +.+ #@#####
..####.####.##+#.#
.<.# #...........#
.#.###.####.##+#.#
.....# #.# #.#
###..# +.+ #.#
##.#.#+##.####.# #
#..#...........# #
#.##.#+##.####.#


You could see an orc warrior and 2 orcs.

Vanquished Creatures
  Robin (D:3)
  An adder (D:3)
  A dart slug (D:1)
  A leopard gecko (D:3)
  An orc (D:3)
  4 bats (D:1)
  A giant cockroach (D:1)
  8 goblins
  10 hobgoblins
  3 kobolds (D:1)
  A frilled lizard (D:1)
  4 rats
  2 fungi (D:3)
38 creatures vanquished.

Notes
Turn   | Place    | Note
-------+----------+-------------------------------------------
     0 | D:1      | taqueso the Tengu Fighter began the quest for the Orb.
     0 | D:1      | Reached XP level 1. HP: 14/14 MP: 2/2
   155 | D:1      | Reached XP level 2. HP: 19/19 MP: 3/3
   790 | D:1      | Reached XP level 3. HP: 23/23 MP: 4/4
  1123 | D:3      | Found a runed door.
  1233 | D:3      | Noticed Robin
  1264 | D:3      | Killed Robin
  1264 | D:3      | Reached XP level 4. HP: 22/28 MP: 5/5
  1281 | D:3      | Noticed an orc warrior
  1295 | D:3      | Slain by an orc warrior

Vault maps used:
D:1:      dpeg_arrival_solitude, st_stairs_13, minmay_misc_feat_more_columns
D:2:      first_ration, skrybe_limestone_x, elyvilon_altar_3
D:3:      minmay_door_path, portal_sewer_entry_e, uniq_crazy_yiuf_cottage,
          uniq_robin

Skill      XL: |  1  2  3 |
---------------+----------+-----
Unarmed Combat | 3 |  3.2
Fighting       | |  3.3
Armour         | |  3.8
Dodging        | |  0.1
Shields        | |  3.5

Action                   |  1- 3 |  4- 6 || total
-------------------------+-------+-------++-------
Melee: Unarmed           |    95 |    17 ||   112
       Kick              |    29 |     7 ||    36
       Peck              |    15 |     4 ||    19
Throw: Stone             |    68 |     4 ||    72
  Eat: Chunk             |     1 |       ||     1
Armor: Scale mail        |    20 |     2 ||    22
Dodge: Dodged            |    15 |     2 ||    17
Block: Shield            |    22 |     9 ||    31

Table legend:
 A = Non-vault XP
 B = Vault XP
 C = Vault XP percentage of total XP
 D = Non-vault monster count
 E = Vault monster count
 F = Vault count percentage of total count
                 A         B        C        D         E       F
            +---------+---------+-------+---------+---------+-------
      Total |      60 |      33 |  35.5 |      26 |      10 |  27.8
            +---------+---------+-------+---------+---------+-------
        D:1 |      39 |       2 |   4.9 |      21 |       1 |   4.5
        D:3 |      21 |      31 |  59.6 |       5 |       9 |  64.3
            +---------+---------+-------+---------+---------+-------
